 Dungeon Crawl Stone Soup version 0.17.1-3-g152610e (webtiles) character file.

179 Peloso the Shield-Bearer (level 5, -6/47 HPs)
             Began as a Minotaur Fighter on Apr 23, 2016.
             Killed from afar by a hobgoblin (9 damage)
             ... with a wand of draining
             ... on level 3 of the Dungeon.
             The game lasted 00:03:40 (1646 turns).

Peloso the Shield-Bearer (Minotaur Fighter)         Turns: 1646, Time: 00:03:40

Health: -6/47      AC:  9    Str: 21    XL:     5   Next: 33%
Magic:  4/4        EV:  5    Int:  5    God:
Gold:   153        SH:  9    Dex: 10    Spells: 0 memorised, 4 levels left

rFire  . . .     SeeInvis .     a - +0 long sword
rCold  . . .     Clarity  .     o - +0 chain mail
rNeg   . . .     SustAt   .     c - +0 shield
rPois  .         Gourm    .     (helmet restricted)
rElec  .         Spirit   .     (no cloak)
rCorr  .         Warding  .     (no gloves)
rMut   .         Stasis   .     r - -1 pair of boots (curse)
MR     .....                    (no amulet)
Stlth  ..........               (no ring)
                                (no ring)

@: heavily drained, not resistant to hostile enchantments, extremely unstealthy
A: retaliatory headbutt, horns 2
a: no special abilities


You were on level 3 of the Dungeon.
You were not hungry.

You visited 1 branch of the dungeon, and saw 3 of its levels.

You collected 153 gold pieces.

Inventory:

Hand Weapons
 a - a +0 long sword (weapon)
 f - a cursed -2 short sword
 p - a cursed -3 spear
Armour
 b - a +0 scale mail
 c - a +0 shield (worn)
 o - a +0 chain mail (worn)
 r - a cursed -1 pair of boots (worn)
Scrolls
 k - a scroll of random uselessness {unknown}
 s - 2 scrolls of identify {unknown}
Potions
 d - a potion of might
 g - a potion of invisibility {unknown}
 h - 3 potions of heal wounds {unknown}
 l - a potion of flight {unknown}
 m - a potion of haste {unknown}
 q - a potion of cancellation {unknown}
Comestibles
 e - 2 bread rations
 i - a meat ration
 j - a royal jelly
 n - 3 chunks of flesh


   Skills:
 + Level 4.3(2.4) Fighting
 + Level 3.4(1.5) Long Blades
 + Level 4.4(2.5) Armour
 + Level 1.9(0.1) Dodging
 + Level 5.3(3.3) Shields


You had 4 spell levels left.
You didn't know any spells.

Dungeon Overview and Level Annotations

Branches:
Dungeon (3/15)

Altars:


Innate Abilities, Weirdness & Mutations

You reflexively headbutt those who attack you in melee.
You have a pair of horns on your head.


Message History

The hobgoblin zaps a wand.
The bolt of negative energy hits you!
You feel drained.
* * * LOW HITPOINT WARNING * * *
The hobgoblin hits you but does no damage.
Your shield and chain mail prevent you from hitting the hobgoblin.
The hobgoblin is severely wounded.
The hobgoblin hits you but does no damage.
You barely miss the hobgoblin. Your headbutt misses the hobgoblin.
The hobgoblin is severely wounded.
The hobgoblin hits you with a club.
* * * LOW HITPOINT WARNING * * *
You closely miss the hobgoblin.
You headbutt the hobgoblin, but do no damage.
The hobgoblin is severely wounded.
You block the hobgoblin's attack.
You barely miss the hobgoblin.
The hobgoblin is heavily wounded.
The hobgoblin zaps a wand.
The bolt of negative energy hits you!
You feel drained.
You die...

....................##
≈≈≈≈≈≈≈≈≈≈≈≈≈≈≈≈≈≈≈≈≈#
≈≈≈≈≈≈≈≈≈≈≈≈≈≈≈≈≈≈≈≈≈#
....................##
#####################
..# ##..## #.##
####.##.###
##.###...####..##
##.#.#.###.# ###@#
..###.## #.##.g#..#
### ### #.### ### .# .
. ..


You could see a hobgoblin.

Vanquished Creatures
  Ijyb (D:2)
  A worker ant (D:3)
  4 gnolls (D:2)
  4 adders
  A giant gecko (D:2)
  3 giant cockroaches
  9 goblins
  9 hobgoblins
  A jackal (D:3)
  2 bats
  3 giant newts (D:1)
  14 kobolds
  7 rats
59 creatures vanquished.

Notes
Turn   | Place    | Note
--------------------------------------------------------------
     0 | D:1      | Peloso the Minotaur Fighter began the quest for the Orb.
     0 | D:1      | Reached XP level 1. HP: 19/19 MP: 0/0
     1 | D:1      | Noticed a centaur skeleton
     3 | D:1      | Noticed a spriggan skeleton
     5 | D:1      | Noticed a vine stalker skeleton
     8 | D:1      | Noticed a vine stalker skeleton
    16 | D:1      | Noticed a minotaur skeleton
    16 | D:1      | Noticed a minotaur skeleton
    18 | D:1      | Noticed a minotaur skeleton
    20 | D:1      | Noticed a vine stalker skeleton
   179 | D:1      | Reached XP level 2. HP: 25/27 MP: 1/1
   209 | D:1      | Reached skill level 4 in Shields
   898 | D:1      | Reached XP level 3. HP: 33/33 MP: 2/2
   987 | D:2      | Noticed Ijyb
  1009 | D:2      | Killed Ijyb
  1119 | D:2      | Reached XP level 4. HP: 38/40 MP: 3/3
  1121 | D:2      | Reached skill level 1 in Dodging
  1381 | D:2      | Reached skill level 5 in Shields
  1516 | D:3      | Reached XP level 5. HP: 40/46 MP: 4/4
  1644 | D:3      | HP: 2/47 [hobgoblin/club (5)]
  1646 | D:3      | Killed from afar by a hobgoblin

Action                   |  1- 3 |  4- 6 || total
-------------------------+-------+-------++-------
Melee: Long sword        |    84 |   101 ||   185
  Eat: Chunk             |     1 |     2 ||     3
